Map: Terraços Prion

Players

ToP

  • Race: Protoss Protoss
  • League: Master

TheZergLord - Winner!

  • Race: Zerg Zerg
  • League: Master

VOD

Have the link to the VOD?

Description

Time

  • Played on: May 5, 2016, 11:35 a.m.
  • Length: 10:08
Show
View Real Time Build Order
Export as new Build Order

ToP Protoss 

Build Orders: Cannon Rush 

Get SALT Encoding   

  12  0:01  Probe (Chrono Boost)  
  13  0:12  Probe (Chrono Boost)  
  14  0:20  Pylon  
  14  0:22  Probe (Chrono Boost)  
  15  0:38  Probe (Chrono Boost)  
  15  0:40  Forge  
  16  0:48  Probe (Chrono Boost)  
  17  0:59  Probe (Chrono Boost)  
  18  1:10  Probe (Chrono Boost)  
  19  1:19  Pylon  
  19  1:31  Photon Cannon  
  19  1:35  Probe (Chrono Boost)  
  19  1:38  Photon Cannon  
  20  1:45  Probe (Chrono Boost)  
  21  1:52  Gateway  
  21  1:56  Photon Cannon  
  21  2:08  Probe (Chrono Boost)  
  22  2:14  Nexus  
  22  2:22  Pylon  
  22  2:26  Assimilator  
  22  2:41  Photon Cannon  
  22  2:50  Probe (Chrono Boost)  
  22  2:52  Cybernetics Core  
  22  2:55  Zealot  
  24  3:01  Probe (Chrono Boost)  
  24  3:02  Pylon  
  24  3:03  Assimilator  
  25  3:12  Probe (Chrono Boost)  
  26  3:26  Probe (Chrono Boost)  
  26  3:27  Probe (Chrono Boost)  
  28  3:29  Gateway  
  28  3:34  Warp Gate (Chrono Boost)  
  28  3:38  Mothership Core  
  28  3:40  Probe  
  30  3:41  Assimilator  
  31  3:49  Adept  
  31  3:51  Probe (Chrono Boost)  
  34  3:59  Probe (Chrono Boost)  
  35  4:03  Probe (Chrono Boost)  
  36  4:10  Probe (Chrono Boost)  
  36  4:13  Stargate  
  36  4:14  Probe (Chrono Boost)  
  36  4:16  Stalker  
  40  4:18  Assimilator  
  40  4:20  Probe (Chrono Boost)  
  41  4:25  Probe (Chrono Boost)  
  41  4:28  Pylon  
  41  4:31  Probe (Chrono Boost)  
  43  4:36  Stargate  
  43  4:37  Probe (Chrono Boost)  
  44  4:42  Probe (Chrono Boost)  
  45  4:47  Adept  
  45  4:48  Probe (Chrono Boost)  
  45  4:49  Adept  
  50  4:56  Phoenix (Chrono Boost)  
  50  4:58  Probe  
  53  5:26  Nexus  
  53  5:29  Pylon  
  53  5:34  Phoenix (Chrono Boost)  
  57  5:37  Phoenix (Chrono Boost)  
  57  5:41  Pylon  
  57  5:48  Stalker x2  
  61  5:52  Protoss Ground Weapons Level 1  
  61  5:55  Phoenix (Chrono Boost)  
  63  5:59  Probe  
  63  6:00  Probe  
  65  6:09  Probe  
  62  6:12  Probe  
  62  6:15  Adept x2  
  67  6:20  Probe  
  67  6:25  Probe  
  69  6:26  Twilight Council  
  69  6:27  Phoenix (Chrono Boost)  
  69  6:30  Phoenix (Chrono Boost)  
  73  6:36  Probe x2  
  73  6:38  Probe  
  76  6:49  Phoenix (Chrono Boost)  
  76  6:50  Probe x2  
  76  6:51  Probe, Stalker x2  
  76  6:52  Pylon  
  85  7:00  Probe  
  85  7:04  Probe  
  85  7:05  Probe  
  88  7:10  Robotics Facility  
  88  7:11  Probe  
  88  7:13  Robotics Facility  
  89  7:18  Charge (Chrono Boost)  
  89  7:19  Stalker x2  
  89  7:22  Assimilator  
  93  7:24  Assimilator  
  93  7:27  Pylon  
  93  7:43  Probe x2  
  95  7:47  Photon Cannon  
  95  7:49  Probe, Photon Cannon  
  96  7:51  Photon Cannon  
  96  7:54  Immortal (Chrono Boost)  
  96  7:55  Probe  
  101  8:00  Immortal (Chrono Boost)  
  103  8:14  Gateway  
  103  8:15  Gateway  
  103  8:19  Phoenix x2  
  107  8:20  Gateway  
  107  8:23  Zealot  
  107  8:24  Gateway  
  109  8:27  Pylon  
  109  8:42  Nexus  
  109  8:44  Pylon  
  109  8:45  Observer  
  110  8:51  Zealot  
  110  8:52  Zealot  
  114  8:57  Immortal  
  118  9:06  Immortal  
  120  9:12  Pylon  
  120  9:15  Pylon  
  119  9:24  Pylon  
  119  9:32  Pylon  
  119  9:34  Pylon  
  119  9:35  Pylon  
  119  9:36  Pylon  
  113  9:48  Zealot  
  113  9:49  Zealot x5  
Show
View Real Time Build Order
Export as new Build Order

TheZergLord Zerg - Winner!

Build Orders: Hatch First 

Get SALT Encoding   

  12  0:01  Drone  
  13  0:13  Overlord  
  13  0:17  Drone  
  14  0:31  Drone  
  14  0:32  Drone  
  14  0:35  Drone  
  17  0:52  Hatchery  
  17  0:54  Drone  
  17  0:58  Drone  
  18  1:08  Extractor  
  17  1:12  Spawning Pool  
  17  1:16  Drone  
  17  1:19  Drone  
  18  1:30  Drone  
  19  1:40  Drone  
  20  1:58  Hatchery  
  19  2:06  Queen  
  19  2:07  Zergling x2  
  22  2:11  Zergling x2  
  23  2:22  Metabolic Boost  
  23  2:27  Drone  
  23  2:28  Drone  
  25  2:32  Overlord  
  25  2:37  Drone  
  26  2:40  Drone  
  27  2:49  Drone  
  28  2:53  Drone x3  
  31  3:03  Pneumatized Carapace  
  31  3:12  Queen  
  33  3:33  Drone x3  
  36  3:45  Hatchery  
  35  3:49  Overlord  
  35  3:52  Drone  
  36  4:06  Overlord  
  36  4:07  Overlord  
  36  4:08  Drone  
  36  4:09  Drone x2  
  39  4:19  Lair, Roach Warren  
  39  4:20  Extractor  
  39  4:21  Drone  
  39  4:22  Extractor, Drone  
  39  4:23  Drone x2  
  39  4:24  Drone x4  
  44  4:34  Drone  
  44  4:36  Evolution Chamber  
  44  4:38  Drone, Spore Crawler  
  44  4:40  Drone  
  44  4:41  Spore Crawler  
  44  4:59  Queen  
  46  5:01  Roach x2  
  46  5:02  Roach x2  
  46  5:03  Roach x3, Spore Crawler  
  59  5:09  Zerg Missile Weapons Level 1  
  59  5:11  Roach  
  59  5:12  Roach  
  63  5:14  Roach  
  65  5:21  Drone  
  65  5:23  Hydralisk Den  
  65  5:30  Glial Reconstitution  
  65  5:36  Overlord  
  65  5:37  Overlord  
  65  5:42  Overlord x3  
  64  5:54  Muscular Augments  
  64  5:56  Drone x7  
  64  5:57  Drone x2  
  72  6:16  Drone x7  
  72  6:17  Drone x6  
  79  6:21  Extractor x2  
  79  6:25  Extractor  
  80  6:32  Roach  
  80  6:33  Roach x2  
  80  6:35  Drone x2  
  82  6:42  Drone x2  
  84  6:49  Drone x4  
  88  6:59  Overlord x3  
  88  7:00  Hatchery  
  87  7:08  Zerg Missile Weapons Level 2  
  87  7:17  Hydralisk  
  87  7:18  Hydralisk x8  
  105  7:23  Hydralisk x2  
  105  7:26  Overlord  
  109  7:31  Overlord x3  
  107  7:39  Hydralisk x3  
  107  7:43  Drone  
  114  7:44  Hydralisk x3  
  114  7:46  Hydralisk  
  114  7:48  Hydralisk  
  124  7:56  Hydralisk x2  
  124  7:57  Hydralisk x2  
  132  7:59  Hydralisk  
  134  8:12  Overlord x2  
  134  8:14  Queen  
  134  8:15  Hydralisk x2  
  134  8:16  Hydralisk x2  
  134  8:18  Hydralisk  
  134  8:19  Hydralisk  
  148  8:36  Roach x4  
  148  8:37  Roach x5  
  148  8:38  Roach, Spore Crawler  
  167  8:44  Overlord  
  167  8:50  Overlord x2  
  167  8:51  Overlord  
  167  8:52  Overlord  
  164  9:04  Roach  
  164  9:05  Roach x5  
  164  9:07  Overlord x3  
  175  9:12  Roach x3  
  175  9:15  Drone x2  
  175  9:16  Drone  
  185  9:17  Drone  
  185  9:28  Roach x5  
  185  9:29  Roach  
  185  9:30  Roach  
  195  9:46  Roach  
  195  9:47  Roach x5  
  195  9:48  Roach  
Tags
 
Add a new tag
Caveats
  • Supply blocks, unpowered buildings, or Contaminate may cause inaccurate times.
  • Supply counts are checked every 10 seconds.